 Dungeon Crawl Stone Soup version 0.31-a0-983-g7b6862f502 (webtiles) character file.

Game seed: 11538068998536829261

48 thriggle the Caller (level 3, 0/19 HPs)
             Began as a Deep Elf Summoner on Nov 2, 2023.
             Succumbed to an adder's poison
             ... on level 2 of the Dungeon.
             The game lasted 00:05:21 (1299 turns).

thriggle the Caller (Deep Elf Summoner)             Turns: 1299, Time: 00:05:21

Health: 0/19       AC:  2    Str:  5    XL:     3   Next: 50%
Magic:  3/10       EV: 13    Int: 21    God:
Gold:   98         SH:  0    Dex: 15    Spells: 3/9 levels left

rFire   . . .        j - +0 short sword
rCold   . . .        (no shield)
rNeg    . . .        a - +0 robe
rPois   .            (no helmet)
rElec   .            (no cloak)
rCorr   .            (no gloves)
SInv    .            (no boots)
Will    .....        (no amulet)
Stlth   ++           (no ring)
HPRegen 0.23/turn    (no ring)
MPRegen 0.12/turn

%: no passive effects
@: brilliant, lethally poisoned (0 -> -1), invisible
A: no striking features
a: no special abilities


You were on level 2 of the Dungeon.
You visited 1 branch of the dungeon, and saw 2 of its levels.

You collected 98 gold pieces.

Inventory:

Hand Weapons
 i - a +0 short sword
 j - a +0 short sword (weapon)
Missiles
 g - 21 stones
Armour
 a - a +0 robe (worn)
Scrolls
 e - 4 scrolls of teleportation {unknown}
 f - a scroll of poison {unknown}
Potions
 b - a potion of magic
 h - 2 potions of invisibility


   Skills:
 + Level 3.1 Dodging
 + Level 3.2 Stealth
 + Level 3.6 Spellcasting
 + Level 4.8 Summonings


You had 3 spell levels left.
You knew the following spells:

 Your Spells              Type           Power      Damage    Failure   Level
a - Summon Small Mammal   Summ           100%       N/A       1%          1
b - Call Imp              Summ           72%        N/A       2%          2
c - Call Canine Familiar  Summ           36%        N/A       4%          3

Your spell library contained the following spells:

 Spells                   Type           Power      Damage    Failure   Level
 Necrotise                Necr           20%        1d5       12%         1
 Summon Guardian Golem    Hex/Summ       21%        N/A       14%         3
 Wereblood                Tmut           5%         N/A       19%         2
 Vampiric Draining        Necr           5%         2d6       36%         3
 Summon Lightning Spire   Summ/Air       21%        N/A       41%         4
 Agony                    Necr           5%         N/A       98%         5
 Irradiate                Conj/Tmut      2%         3d12      98%         5


Dungeon Overview and Level Annotations

Branches:
Dungeon (2/15)

Altars:


Message History

Your cerulean imp hits the adder from afar with a -2 spear.
Casting: Summon Small Mammal (safe; 1% risk of failure)
Confirm with . or Enter, or press ? or * to list all spells.
Your cerulean imp disappears in a puff of smoke!
The adder misses you.
Casting: Summon Small Mammal (safe; 1% risk of failure)
Confirm with . or Enter, or press ? or * to list all spells.
The adder bites you.
You are poisoned.
The adder poisons you!
You feel sick.
Your quokka bites the adder.
There is a stone staircase leading up, spattered with blood here.
You see here a worm corpse.
Casting: Summon Small Mammal (safe; 1% risk of failure)
Confirm with . or Enter, or press ? or * to list all spells.
A tiny devil pulls itself out of the air.
You feel sick. The adder bites you.
* * * LOW HITPOINT WARNING * * *
Your quokka bites the adder.
Your quokka barely misses the adder.
The adder bites you but does no damage.
You swap places.
* * * LOW HITPOINT WARNING * * *
You feel sick.
Your quokka bites the adder.
Your quokka misses the adder.
Your cerulean imp hits the adder with a -2 spear.
The adder dies!
It was a potion of invisibility.
You fade into invisibility!
* * * LOW HITPOINT WARNING * * *
You feel sick.
It was a potion of brilliance.
You feel clever all of a sudden.
* * * LOW HITPOINT WARNING * * *
You feel sick.
Okay, then.
Blink to where?
Press: ? - help, Dir - move target 2 jackals come into view.
As you read the scroll labelled NUYL RUM KARPH, it crumbles to dust.
It was a scroll of blinking.
You die...

######### #.......#####
. #.5.......$.####
#...##§r...............
#..>.r.....##...##...
#....#.......#....... .
####..............$[..
...#.................
#.###########@#...##...
# #....## ### #.####
#.# #.# .h. #.# h.#


You could see 2 jackals, a friendly cerulean imp (summoned) and 2 friendly
quokkas.

Vanquished Creatures
  A goblin (D:1)
  A rat (D:1)
2 creatures vanquished.

Vanquished Creatures (collateral kills)
  An adder (D:2)
  A gnoll (D:1)
  A worm (D:2)
  3 ball pythons (D:1)
  2 endoplasms (D:1)
  2 giant cockroaches (D:1)
  3 hobgoblins (D:1)
  2 quokkas (D:1)
  5 bats (D:1)
  2 kobolds (D:1)
22 creatures vanquished.

Grand Total: 24 creatures vanquished

Notes
Turn   | Place    | Note
-------+----------+-------------------------------------------
     0 | D:1      | thriggle the Deep Elf Summoner began the quest for the Orb.
     0 | D:1      | Reached XP level 1. HP: 10/10 MP: 6/6
   265 | D:1      | Reached XP level 2. HP: 15/15 MP: 4/8
   455 | D:1      | Learned a level 2 spell: Call Imp
   998 | D:1      | Reached XP level 3. HP: 19/19 MP: 3/10
  1258 | D:1      | Learned a level 3 spell: Call Canine Familiar
  1299 | D:2      | Succumbed to an adder's poison

Illustrated notes

Levels and vault maps discovered:
D:1:      dpeg_arrival_rhombus, layout_loops_corners
D:2:      layout_loops_ring, hellmonk_ecumenical_altar_crossroads,
          minmay_tromino_v4_a, uniq_crazy_yiuf_cottage

Skill      XL: |  1  2 |
---------------+-------+-----
Stealth        | 3 |  3.2
Dodging        | 3 |  3.1
Spellcasting   | |  3.6
Summonings     | |  4.8

Action                     || total
---------------------------++-------
  Melee: Unarmed           ||     6
         Short sword       ||     8
   Cast: Summon Small Mamm ||    42
         Call Imp          ||     8
    Use: Potion            ||     2
         Scroll            ||     1
   Stab: Sleeping          ||     1
 Armour: Robe              ||    23
  Dodge: Dodged            ||    37

Table legend: (Time is in decaauts)
 A = Elapsed time spent in this place.
 B = Non-inter-level travel time spent in this place.
 C = Inter-level travel time spent in this place.
 D = Time resting spent in this place.
 E = Time spent auto-exploring this place.
 F = Levels seen in this place.
 G = Mean time per level.
                   A        B        C        D        E       F      G
               +--------+--------+--------+--------+--------+-----+--------+
         Total |   1298 |   1253 |     45 |     12 |    866 |   2 |  649.0 |
       Dungeon |   1298 |   1253 |     45 |     12 |    866 |   2 |  649.0 |
               +--------+--------+--------+--------+--------+-----+--------+

Top non-repeatable levels by time:
     D:1: 1258 daAuts
     D:2: 39 daAuts
